[Event "Team 45 45 League T87"]
[Site "Internet Chess Club"]
[Date "2021.02.06"]
[Round "5"]
[White "Toalla"]
[Black "tamky70"]
[Result "0-1"]
[WhiteElo "1098"]
[BlackElo "1258"]
[Opening "Benko's opening"]
[ECO "A00"]
[Time "14:27:00"]
[TimeControl "2700+45"]

1. g3 Nf6 2. Bg2 d6 3. b3 g6 4. Bb2 Bg7 5. d3 O-O 6. e3 Nbd7 7. Nd2 Rb8 8. Ne2
b6 9. O-O Bb7 10. e4 c6 11. d4 e5 12. a4 a6 13. Ba3 Ne8 14. c3 Rc8 15. Bh3 Rb8
16. Rb1 Bc8 17. Nc4 c5 18. d5 Ndf6 19. Bxc8 Qxc8 20. f3 Qc7 21. Bc1 b5 22. Na3
bxa4 23. bxa4 Rxb1 24. Nxb1 Nd7 25. c4 Nef6 26. Nbc3 Rb8 27. Ba3 Ne8 28. Qc2 Nb6
29. Na2 Nd7 30. Rb1 Rxb1+ 31. Qxb1 Qb6 32. Qb2 Qxb2 33. Bxb2 Nb6 34. Bc1 Nxc4
35. Nec3 h6 36. Kf2 Kh7 37. Ke2 Na5 38. Kd2 Nb3+ 39. Kd3 Nxc1+ 40. Nxc1 Kg8 41.
Nb3 Kf8 42. Na5 Ke7 43. Nc6+ Kd7 44. Ne2 Nc7 45. f4 f6 46. h4 f5 47. Nb8+ Kc8
48. Nc6 Kd7 49. Nb8+ Ke7 50. Nc6+ Ke8 51. Ng1 exf4 52. gxf4 fxe4+ 53. Kxe4 Kf7
54. Nf3 c4 55. Nd8+ Kf6 56. Kd4 c3 57. Kxc3 Nxd5+ 58. Kd4 Nxf4 59. Ke4 Ne6 60.
Nc6 Nc5+ 61. Kd5 Nxa4 62. Kxd6 Kf5 63. Ne7+ Kg4 64. Nxg6 Kxf3 65. Kc6 a5 66. Kb5
Nc3+ 67. Kxa5 Kg4 68. Kb4 Kh5 69. Nf4+ Kxh4 70. Ng2+ Kg3 71. Ne3 h5 72. Nf5+ Kg4
73. Nxg7 h4 74. Kxc3 h3 75. Kd3 h2 {White resigns} 0-1

[Event "Team 45 45 League T87"]
[Site "Internet Chess Club"]
[Date "2021.02.07"]
[Round "5"]
[White "WillC"]
[Black "fvafier"]
[Result "0-1"]
[WhiteElo "1510"]
[BlackElo "1534"]
[Opening "Queen's pawn game, Darooha variation "]
[ECO "D02"]
[Time "14:31:15"]
[TimeControl "2700+45"]

1. d4 d5 2. Nf3 Nf6 3. g3 c6 4. Bg2 Bf5 5. O-O e6 6. Bg5 h6 7. Bxf6 Qxf6 8. Nbd2
Nd7 9. c4 Qd8 10. Rc1 Be7 11. a3 a5 12. c5 b6 13. cxb6 Qxb6 14. Qb3 Rb8 15. Rc3
c5 16. Qxb6 Rxb6 17. dxc5 Rxb2 18. c6 Nb6 19. Rb3 Rxb3 20. Nxb3 a4 21. Nbd4 Be4
22. Ne5 Bxg2 23. Kxg2 O-O 24. Rb1 Nc4 25. Nd7 Rc8 26. Rb8 Rxb8 27. Nxb8 Bxa3 28.
Nb5 Bd6 29. Na6 a3 30. Nc3 Nb6 31. Kf1 d4 32. Na2 Nd5 33. Ke1 Kf8 34. Kd2 Ke8
35. Kd3 e5 36. Kc4 Nf6 37. Kb5 Nd5 38. Kc4 Nc7 39. N6b4 Kd8 40. Nd5 Nxd5 41.
Kxd5 Kc7 42. f3 h5 43. h3 f6 44. g4 hxg4 45. hxg4 g6 46. Ke6 f5 47. g5 e4 48.
fxe4 fxe4 49. Kd5 d3 50. exd3 exd3 51. Kc4 d2 52. Nc3 Kxc6 53. Kb3 Be5 54. Nd1
Bd6 55. Nc3 Kd7 56. Kc2 Bf4 57. Kb3 Bxg5 58. Kxa3 Ke6 59. Kb3 Kf5 60. Kc2 Kg4
61. Kd1 Kf3 62. Ne2 Be3 63. Nc3 g5 64. Nd5 g4 65. Nc3 g3 66. Ne2 Kf2 67. Nxg3
Kxg3 68. Ke2 Kf4 69. Kd1 Kf3 70. Kc2 Ke2 {White resigns} 0-1

[Event "Team 45 45 League T87"]
[Site "Internet Chess Club"]
[Date "2021.02.05"]
[Round "5"]
[White "dalmata"]
[Black "RD1974"]
[Result "0-1"]
[WhiteElo "1549"]
[BlackElo "1511"]
[Opening "QGD: Chigorin defense"]
[ECO "D07"]
[Time "17:01:26"]
[TimeControl "2700+45"]

1. d4 d5 2. c4 Nc6 3. cxd5 Qxd5 4. Nc3 Qxd4 5. e3 Qxd1+ 6. Nxd1 Bf5 7. Nc3 O-O-O
8. Nf3 e5 9. e4 Be6 10. Be3 Bb4 11. Bb5 Nge7 12. O-O a6 13. Ba4 f6 14. a3 Bxc3
15. bxc3 Rd3 16. Bc5 Rxc3 17. Bxe7 Nxe7 18. Rfd1 b5 19. Bxb5 axb5 20. Rdb1 Rb3
21. h3 Rxb1+ 22. Rxb1 c6 23. Rb4 Kc7 24. a4 Rb8 25. Nd2 Kb6 26. Rb2 Ra8 27. axb5
cxb5 28. h4 Nc6 29. f3 b4 30. Kf2 Kb5 31. g4 Nd4 32. g5 b3 33. Rb1 Kb4 34. gxf6
gxf6 35. Rf1 Ra2 36. Ke3 Kc3 37. Rd1 b2 38. Rg1 Ra7 39. Rb1 Ra1 40. f4 Nb3
{White resigns} 0-1

[Event "Team 45 45 League T87"]
[Site "Internet Chess Club"]
[Date "2021.02.07"]
[Round "5"]
[White "Megasus"]
[Black "sdcohle"]
[Result "0-1"]
[WhiteElo "1503"]
[BlackElo "1410"]
[Opening "Queen's pawn game"]
[ECO "D04"]
[Time "21:00:31"]
[TimeControl "2700+45"]

1. Nf3 Nf6 2. d4 d5 3. e3 Nbd7 4. b3 c6 5. Bb2 e6 6. a3 Bd6 7. Nbd2 O-O 8. h3
Re8 9. Ne5 Qc7 10. Ndf3 c5 11. c4 cxd4 12. exd4 b6 13. Be2 Bb7 14. O-O dxc4 15.
bxc4 Rab8 16. Re1 h6 17. Bd3 Bxe5 18. Nxe5 Nxe5 19. dxe5 Qc6 20. f3 Nd7 21. Qc2
Nf8 22. Rac1 Rbc8 23. Bd4 Red8 24. Bf2 Qd7 25. Red1 Qc7 26. f4 Qc6 27. Be3 Rd7
28. Rd2 Rcd8 29. Rcd1 Rxd3 30. Rxd3 Rxd3 31. Rxd3 Qe4 32. Qc3 Qxg2# {White
checkmated} 0-1

[Event "Team 45 45 League T87"]
[Site "Internet Chess Club"]
[Date "2021.02.04"]
[Round "5"]
[White "cool64chess"]
[Black "Ajolote"]
[Result "1-0"]
[WhiteElo "2009"]
[BlackElo "2000"]
[Opening "QGD: Cambridge Springs defense, Bogolyubov variation"]
[ECO "D52"]
[Time "21:18:25"]
[TimeControl "2700+45"]

1. d4 d5 2. c4 c6 3. Nc3 Nf6 4. Nf3 e6 5. Bg5 Nbd7 6. e3 Qa5 7. Nd2 Bb4 8. Qc2
dxc4 9. Bxf6 Nxf6 10. Nxc4 Qc7 11. Bd3 c5 12. O-O Bd7 13. dxc5 Bxc5 14. Ne4 Nxe4
15. Bxe4 Rc8 16. Rac1 g6 17. b4 Be7 18. Qb2 O-O 19. Ne5 Qd6 20. Rcd1 {Black
resigns} 1-0

[Event "Team 45 45 League T87"]
[Site "Internet Chess Club"]
[Date "2021.02.11"]
[Round "5"]
[White "McDreasor"]
[Black "fhunfi"]
[Result "1/2-1/2"]
[WhiteElo "1931"]
[BlackElo "1795"]
[Opening "French: Winawer, classical variation"]
[ECO "C18"]
[Time "05:00:29"]
[TimeControl "2700+45"]

1. e4 e6 2. d4 d5 3. Nc3 Bb4 4. e5 c5 5. a3 Bxc3+ 6. bxc3 Qc7 7. Qg4 f6 8. Nf3
c4 9. Be2 Qf7 10. O-O Bd7 11. exf6 gxf6 12. Re1 Ne7 13. Qf4 Na6 14. Rb1 O-O-O
15. Ne5 Qg7 16. Nxd7 Rxd7 17. Bg4 Rg8 18. Bh3 Nc7 19. g3 f5 20. Qf3 Ng6 21. a4
{Game drawn by mutual agreement} 1/2-1/2

[Event "Team 45 45 League T87"]
[Site "Internet Chess Club"]
[Date "2021.02.06"]
[Round "5"]
[White "KidRattler"]
[Black "ErnestoRondon"]
[Result "1-0"]
[WhiteElo "1803"]
[BlackElo "1830"]
[Opening "Sicilian: Smith-Morra gambit"]
[ECO "B21"]
[Time "12:57:45"]
[TimeControl "2700+45"]

1. e4 c5 2. d4 cxd4 3. c3 d3 4. Nf3 d6 5. Bxd3 Nc6 6. Bf4 e5 7. Bg3 Nf6 8. Nbd2
Be7 9. Qc2 h6 10. Nc4 Be6 11. Ne3 Rc8 12. O-O O-O 13. Qe2 Nh5 14. Rfd1 Nf4 15.
Bxf4 exf4 16. Nf5 Bf6 17. Bb5 Bxf5 18. exf5 Ne5 19. Nxe5 Bxe5 20. Rd3 Qg5 21.
Qe4 a6 22. Ba4 b5 23. Bb3 Rfe8 24. Re1 Bf6 25. Qxe8+ Rxe8 26. Rxe8+ Kh7 27. Bd5
f3 28. Bxf3 Qc1+ 29. Bd1 Qxb2 30. Re2 Qb1 31. Rxd6 Bxc3 32. g3 f6 33. Kg2 Be5
34. Rdd2 a5 35. Bb3 a4 36. Be6 b4 37. Rd8 h5 38. Bg8+ Kh6 39. Bf7 g5 40. fxg6 b3
41. Rh8+ Kg7 42. Rh7+ Kf8 43. Bd5 Qxg6 44. Rh8+ Ke7 45. axb3 Qd3 46. Bc4 Qc3 47.
Re3 Qb4 48. Rh7+ Kf8 49. Rd3 Bd6 50. Rf7+ Ke8 51. Rxf6 Be7 52. Bf7+ Kf8 53. Rf4
Qb6 54. Bxh5+ Bf6 55. Rdf3 Kg7 56. Rxf6 Qa5 57. Rg6+ Kh7 58. Rf7+ Kh8 59. Bf3
axb3 60. Rf4 Kh7 61. Be4 {Black resigns} 1-0

[Event "Team 45 45 League T87"]
[Site "Internet Chess Club"]
[Date "2021.02.08"]
[Round "5"]
[White "filmdirector"]
[Black "ILRE"]
[Result "0-1"]
[WhiteElo "1622"]
[BlackElo "1684"]
[Opening "French: exchange variation"]
[ECO "C01"]
[Time "18:40:22"]
[TimeControl "2700+45"]

1. e4 e6 2. d4 d5 3. exd5 exd5 4. Nf3 Nc6 5. Bb5 Bg4 6. h3 Bh5 7. g4 Bg6 8. O-O
Bd6 9. Re1+ Ne7 10. Ne5 O-O 11. Nxg6 Nxg6 12. Nc3 Qh4 13. Kg2 Nce7 14. Ne2 Qf6
15. f4 c6 16. Bd3 Bc7 17. f5 Qd6 18. Rh1 Nh4+ 19. Kf2 Qf6 20. g5 Qd6 21. Bf4 Qd7
22. f6 Neg6 23. fxg7 Rfe8 24. Bxg6 fxg6 25. Bxc7 Qxc7 26. Qd3 Re4 27. Raf1 Kxg7
28. Ke1 Rae8 29. Rf2 Re3 30. Rhf1 Nf5 31. Qd2 R8e7 32. Kd1 R3e4 33. Kc1 Qb6 34.
c3 Qa6 35. Nf4 Ng3 36. Rg1 Ne2+ 37. Nxe2 Rxe2 38. Rxe2 Qxe2 39. Rd1 Qf3 40. Re1
Rxe1+ 41. Qxe1 Qf4+ 42. Qd2 Qf1+ 43. Kc2 Qxh3 44. Qf4 Qf5+ 45. Qxf5 gxf5 46. Kd2
Kg6 47. Ke3 Kxg5 48. Kf3 h5 {White resigns} 0-1

[Event "Team 45 45 League T87"]
[Site "Internet Chess Club"]
[Date "2021.02.07"]
[Round "5"]
[White "Sloggi"]
[Black "PolishRyszard"]
[Result "1/2-1/2"]
[WhiteElo "1937"]
[BlackElo "1845"]
[Opening "Réti opening"]
[ECO "A04"]
[Time "11:02:41"]
[TimeControl "2700+45"]

1. Nf3 d6 2. d4 Nf6 3. c4 Nbd7 4. g3 e5 5. Bg2 Be7 6. Nc3 c6 7. O-O e4 8. Ne1 d5
9. cxd5 cxd5 10. Qb3 Nb6 11. a4 a5 12. Nb5 O-O 13. Bf4 Nc4 14. Qc2 Bd7 15. b3
Bxb5 16. axb5 Na3 17. Qb2 Nxb5 18. Nc2 Qb6 19. Rfc1 Rfc8 20. Bd2 h6 21. e3 Ra7
22. Bf1 Rca8 23. Ra4 Nd6 24. Rca1 Qc7 25. Na3 Qd7 26. Nc2 Qc7 27. Na3 Qd7 28.
Nc2 {Game drawn by mutual agreement} 1/2-1/2

[Event "Team 45 45 League T87"]
[Site "Internet Chess Club"]
[Date "2021.02.08"]
[Round "5"]
[White "cadmiumorange"]
[Black "ArturitoGalacti"]
[Result "1/2-1/2"]
[WhiteElo "1827"]
[BlackElo "1807"]
[Opening "French: Burn variation"]
[ECO "C11"]
[Time "14:14:00"]
[TimeControl "2700+45"]

1. d4 e6 2. Nc3 d5 3. e4 Nf6 4. Bg5 dxe4 5. Nxe4 Be7 6. Bxf6 Bxf6 7. Nf3 b6 8.
Bd3 Bb7 9. c3 Nd7 10. O-O O-O 11. Qe2 c5 12. Rad1 Qc7 13. Nxf6+ Nxf6 14. Ne5
cxd4 15. cxd4 Rfd8 16. f4 Qd6 17. Kh1 g6 18. Bc4 Kg7 19. f5 gxf5 20. Qe3 Ne4 21.
Nxf7 Kxf7 22. Rxf5+ Kg7 23. Rh5 Rd7 24. Qh6+ Kh8 25. Rf1 Qe7 26. Bxe6 Rd6 27.
Rhf5 Qxe6 28. Rf8+ Rxf8 29. Rxf8+ Qg8 30. Rxg8+ Kxg8 31. Qe3 Rg6 32. Kg1 Bd5 33.
Kf1 Rf6+ 34. Ke1 Bc4 35. Kd1 Rf1+ 36. Kc2 Rf2+ 37. Kc1 Re2 38. Qf4 Bd3 39. Qg4+
Kh8 40. Qc8+ Kg7 41. Qg4+ Kh8 {Game drawn by mutual agreement} 1/2-1/2

[Event "Team 45 45 League T87"]
[Site "Internet Chess Club"]
[Date "2021.02.08"]
[Round "5"]
[White "Tufnell"]
[Black "pishd"]
[Result "1/2-1/2"]
[WhiteElo "1778"]
[BlackElo "1872"]
[Opening "French: Rubinstein variation"]
[ECO "C03"]
[Time "09:05:28"]
[TimeControl "2700+45"]

1. e4 e6 2. d4 d5 3. Nd2 dxe4 4. Nxe4 Nd7 5. Nf3 Ngf6 6. Nxf6+ Nxf6 7. c3 Be7 8.
Bd3 O-O 9. Qe2 b6 10. Bf4 Bb7 11. O-O-O Bxf3 12. Qxf3 Qd5 13. Qxd5 Nxd5 14. Bg3
Rad8 15. Kb1 Bd6 16. Be4 Nf6 17. Bf3 Bxg3 18. hxg3 Rd6 19. Kc2 a5 20. Rhe1 Rfd8
21. b3 Kf8 22. a3 h6 23. b4 b5 24. bxa5 Ra6 25. Kb2 Rxa5 26. Re5 Nd7 27. Rh5 Nb6
28. Be2 {Game drawn by mutual agreement} 1/2-1/2

[Event "Team 45 45 League T87"]
[Site "Internet Chess Club"]
[Date "2021.02.08"]
[Round "5"]
[White "walkover"]
[Black "room-matt"]
[Result "1-0"]
[WhiteElo "1707"]
[BlackElo "1774"]
[Opening "Budapest: Adler variation"]
[ECO "A52"]
[Time "12:34:58"]
[TimeControl "2700+45"]

1. d4 Nf6 2. c4 e5 3. dxe5 Ng4 4. Nf3 Bc5 5. e3 Nc6 6. Nc3 O-O 7. Be2 Re8 8. O-O
Ngxe5 9. Nxe5 Nxe5 10. Kh1 d6 11. f4 Nd7 12. e4 Nf6 13. Bf3 Rb8 14. a3 a5 15. g4
Be6 16. b3 h6 17. f5 Bd7 18. g5 hxg5 19. Bxg5 b5 20. Nd5 bxc4 21. Bxf6 gxf6 22.
Qd2 Kh7 23. Qf4 Re5 24. Qh4+ Kg7 25. Rg1+ Bxg1 26. Rxg1+ {Black resigns} 1-0

[Event "Team 45 45 League T87"]
[Site "Internet Chess Club"]
[Date "2021.02.06"]
[Round "5"]
[White "Draconian"]
[Black "room-matt"]
[Result "1-0"]
[WhiteElo "1686"]
[BlackElo "1795"]
[Opening "Giuoco Piano: Anderssen variation"]
[ECO "C54"]
[Time "12:01:23"]
[TimeControl "2700+45"]

1. e4 e5 2. Nf3 Nc6 3. Bc4 Bc5 4. c3 Nf6 5. d4 exd4 6. e5 d5 7. Bb5 Ne4 8. cxd4
Bb4+ 9. Bd2 Nxd2 10. Nbxd2 O-O 11. Bxc6 bxc6 12. Qc2 Bd7 13. O-O Be7 14. Nb3 Rb8
15. Na5 Rb6 16. a3 f6 17. e6 Be8 18. Rfe1 Qd6 19. Nh4 c5 20. Nf5 Bg6 21. Nxe7+
Qxe7 22. Qxc5 Qxc5 23. dxc5 Rxb2 24. Nc6 Re8 25. Nxa7 Be4 26. f3 Bf5 27. Nc6
Bxe6 28. a4 Kf7 29. a5 Bd7 30. Rxe8 Bxe8 31. Nd4 Rb4 32. Nf5 Bd7 33. a6 Bc6 34.
Re1 Ra4 35. Re7+ Kf8 36. Rxg7 Rxa6 37. Rxh7 Ra7 38. Nd4 Kg8 39. Re7 Ba8 40. Ne6
Ra1+ 41. Kf2 c6 42. h4 Rb1 43. Ra7 Rb2+ 44. Kg3 Rb8 45. Kf4 Bb7 46. Kf5 Kh7 47.
Kxf6 {Black resigns} 1-0

[Event "Team 45 45 League T87"]
[Site "Internet Chess Club"]
[Date "2021.02.09"]
[Round "5"]
[White "pishd"]
[Black "tacticaltal"]
[Result "1-0"]
[WhiteElo "1877"]
[BlackElo "1588"]
[Opening "QGD Slav: exchange variation, 6.Bf4 Bf5"]
[ECO "D14"]
[Time "11:08:35"]
[TimeControl "2700+45"]

1. d4 d5 2. Nf3 Nf6 3. c4 c6 4. cxd5 cxd5 5. Nc3 Nc6 6. Bf4 Bf5 7. e3 Qb6 8. Bb5
a6 9. Bxc6+ bxc6 10. O-O e6 11. Na4 Qb5 12. Ne5 Be7 13. Rc1 Rc8 14. Qb3 Qxb3 15.
axb3 c5 16. dxc5 Nh5 17. g4 Nxf4 18. exf4 Bg6 19. b4 f6 20. Nb6 Rc7 21. Nxg6
hxg6 22. Kg2 Kf7 23. Ra1 Ra7 24. Ra3 Bd8 25. Nc8 Ra8 26. Nd6+ Ke7 27. Rfa1 Rb8
{Black resigns} 1-0

[Event "Team 45 45 League T87"]
[Site "Internet Chess Club"]
[Date "2021.02.06"]
[Round "5"]
[White "Kingofknights"]
[Black "Zugzwanged"]
[Result "0-1"]
[WhiteElo "1530"]
[BlackElo "1705"]
[Opening "Queen's Indian accelerated"]
[ECO "A50"]
[Time "10:08:37"]
[TimeControl "2700+45"]

1. d4 Nf6 2. c4 b6 3. f3 Nc6 4. e4 e5 5. dxe5 Nxe5 6. Nc3 Bc5 7. Bg5 h6 8. Bh4
Ng6 9. Bf2 Bxf2+ 10. Kxf2 d6 11. Nge2 O-O 12. Qd2 Qe7 13. Nf4 Nxf4 14. Qxf4 Nh5
15. Qe3 Qh4+ 16. Ke2 f5 17. Qf2 Qf6 18. Rd1 fxe4 19. Nxe4 Qxb2+ 20. Rd2 Qb4 21.
Qd4 Bb7 22. Qc3 Qa4 23. Ng3 Rae8+ 24. Kf2 Nf4 25. Be2 Ba6 26. Rc1 Nxe2 27. Nxe2
Re7 28. Qd3 Rfe8 29. Nf4 Bb7 30. Nd5 Bxd5 31. Qxd5+ Kh8 32. Qb5 Qa3 33. Qb3 Qc5+
34. Kg3 Qg5+ 35. Kf2 Qh4+ 36. Kf1 Re1+ {White resigns} 0-1

[Event "Team 45 45 League T87"]
[Site "Internet Chess Club"]
[Date "2021.02.04"]
[Round "5"]
[White "dalmata"]
[Black "cap78red"]
[Result "1/2-1/2"]
[WhiteElo "1568"]
[BlackElo "1389"]
[Opening "King's Indian defense, 3.Nc3"]
[ECO "E61"]
[Time "15:00:08"]
[TimeControl "2700+45"]

1. d4 Nf6 2. c4 g6 3. Nc3 Bg7 4. Nf3 O-O 5. Bf4 d6 6. e4 Nc6 7. e5 Nh5 8. Be3
dxe5 9. d5 Nb4 10. a3 Na6 11. Be2 Nf4 12. Bxf4 exf4 13. Qd2 e5 14. O-O Bf5 15.
Rae1 Nc5 16. b4 Nb3 17. Qd1 Nd4 18. Nxd4 exd4 19. Nb5 Qf6 20. Bd3 Bxd3 21. Qxd3
a6 22. Nxc7 Rac8 23. d6 Qxd6 24. Nd5 Rce8 25. Nc3 Re7 26. c5 Qd7 27. Rxe7 Qxe7
28. Nd5 Qe5 29. Qf3 Re8 30. h3 Qe4 31. Nxf4 Qxf3 32. gxf3 Bh6 33. Nd3 Re2 34.
Re1 Ra2 35. Re8+ Bf8 36. Rd8 Rxa3 37. Rxd4 f6 38. Kg2 Kf7 39. Nf4 Ke8 40. Ne6
Ke7 41. Nxf8 Kxf8 42. Rd7 a5 43. bxa5 Rxa5 44. Rc7 h5 45. f4 g5 46. Kg3 Ke8 47.
fxg5 fxg5 48. f4 Kd8 49. Rg7 gxf4+ 50. Kxf4 Rxc5 51. Rxb7 Ke8 52. Rh7 Kf8 53. h4
Kg8 54. Re7 Kh8 55. Rf7 Kg8 56. Rf5 Rxf5+ 57. Kxf5 Kh8 {Game drawn by mutual
agreement} 1/2-1/2

[Event "Team 45 45 League T87"]
[Site "Internet Chess Club"]
[Date "2021.02.06"]
[Round "5"]
[White "LookImYourVader"]
[Black "fledermaus"]
[Result "1/2-1/2"]
[WhiteElo "1778"]
[BlackElo "1886"]
[Opening "Sicilian: Alapin's variation (2.c3)"]
[ECO "B22"]
[Time "14:31:11"]
[TimeControl "2700+45"]

1. e4 c5 2. c3 d5 3. exd5 Qxd5 4. d4 Nf6 5. Nf3 Bg4 6. Be2 e6 7. O-O Nc6 8. h3
Bh5 9. Be3 cxd4 10. cxd4 Be7 11. Nc3 Qd6 12. Qb3 O-O 13. Rfd1 Rfd8 14. Rac1 Nb4
15. Nb5 Qa6 16. Nc3 Qd6 17. Nb5 Qa6 18. Nc3 Qd6 {Game drawn by repetition}
1/2-1/2

[Event "Team 45 45 League T87"]
[Site "Internet Chess Club"]
[Date "2021.02.08"]
[Round "5"]
[White "MathBandit"]
[Black "rookmaster23"]
[Result "1/2-1/2"]
[WhiteElo "1681"]
[BlackElo "1707"]
[Opening "Sicilian: Smith-Morra gambit"]
[ECO "B21"]
[Time "20:02:23"]
[TimeControl "2700+45"]

1. e4 c5 2. d4 cxd4 3. c3 dxc3 4. Nxc3 Nc6 5. Nf3 d6 6. Bc4 e6 7. O-O Nf6 8. Re1
Be7 9. Bg5 O-O 10. a3 a6 11. Qc2 b5 12. Bd3 Bb7 13. e5 dxe5 14. Bxf6 Bxf6 15.
Bxh7+ Kh8 16. Rad1 Qc7 17. Be4 Nd4 18. Nxd4 exd4 19. Bxb7 Qxb7 20. Ne4 Qe7 21.
Nxf6 Qxf6 22. Re4 e5 23. Rde1 Rfe8 24. f4 Rac8 25. Qd3 Qf5 26. fxe5 Rxe5 27.
Qxd4 Rxe4 28. Qxe4 Qxe4 29. Rxe4 Rc2 30. Rb4 {Game drawn by mutual agreement}
1/2-1/2

[Event "Team 45 45 League T87"]
[Site "Internet Chess Club"]
[Date "2021.02.07"]
[Round "5"]
[White "Rookmaster"]
[Black "MrAbendroth"]
[Result "1-0"]
[WhiteElo "1631"]
[BlackElo "1657"]
[Opening "Sicilian defense"]
[ECO "B40"]
[Time "06:00:19"]
[TimeControl "2700+45"]

1. e4 e6 2. Nf3 c5 3. Nc3 Nc6 4. e5 d5 5. Bb5 Bd7 6. Bxc6 Bxc6 7. d4 Qb6 8. O-O
Nh6 9. Ne2 Nf5 10. c3 Bb5 11. Re1 Bxe2 12. Qxe2 cxd4 13. cxd4 Nxd4 14. Nxd4 Qxd4
15. Qb5+ Kd8 16. Qxb7 Rc8 17. Qxf7 Qb6 18. Bg5+ {Black resigns} 1-0

[Event "Team 45 45 League T87"]
[Site "Internet Chess Club"]
[Date "2021.02.06"]
[Round "5"]
[White "ILRE"]
[Black "WillC"]
[Result "1-0"]
[WhiteElo "1660"]
[BlackElo "1526"]
[Opening "King's Indian: London system"]
[ECO "A45"]
[Time "16:45:40"]
[TimeControl "2700+45"]

1. d4 Nf6 2. Bf4 g6 3. Nf3 Bg7 4. e3 d6 5. Be2 O-O 6. h3 b6 7. O-O Bb7 8. c3
Nbd7 9. Nbd2 Re8 10. Bh2 e5 11. dxe5 dxe5 12. Qc2 h6 13. Rfd1 Qe7 14. a4 a6 15.
Nc4 e4 16. Nd4 Rac8 17. b4 Red8 18. Rab1 Ne8 19. b5 a5 20. Rd2 Ne5 21. Nxe5 Bxe5
22. Bxe5 Qxe5 23. Rbd1 Qe7 24. Bc4 Nd6 25. Ba2 Kh7 26. Ne2 c6 27. bxc6 Bxc6 28.
Nf4 Qf6 29. Qb3 Rb8 30. Rxd6 Rxd6 31. Rxd6 Qxd6 32. Qxf7+ Kh8 33. Nxg6+ {Black
resigns} 1-0

[Event "Team 45 45 League T87"]
[Site "Internet Chess Club"]
[Date "2021.02.07"]
[Round "5"]
[White "julesraider"]
[Black "Andressa"]
[Result "1-0"]
[WhiteElo "1590"]
[BlackElo "1362"]
[Opening "QGD: Ragozin variation"]
[ECO "D38"]
[Time "16:07:18"]
[TimeControl "2700+45"]

1. d4 d5 2. c4 e6 3. Nf3 Nf6 4. Nc3 Bb4 5. Bg5 O-O 6. Qc2 h6 7. Bf4 Nbd7 8. a3
Bxc3+ 9. Qxc3 b6 10. e3 Bb7 11. Be2 c5 12. O-O Rc8 13. Rfd1 cxd4 14. Rxd4 a6 15.
b4 Ne4 16. Qb3 Re8 17. Rad1 Ndf6 18. h3 Nh5 19. Bh2 Qe7 20. Ne5 Nhf6 21. f3 Nd6
22. e4 dxe4 23. Rxd6 exf3 24. Bxf3 Bxf3 25. Qxf3 Qc7 26. Rd7 Qb8 27. Ng4 Qa8 28.
Nxf6+ gxf6 29. Qxf6 Rf8 30. Be5 {Black resigns} 1-0

[Event "Team 45 45 League T87"]
[Site "Internet Chess Club"]
[Date "2021.02.07"]
[Round "5"]
[White "Toalla"]
[Black "Conjurer"]
[Result "0-1"]
[WhiteElo "1089"]
[BlackElo "1275"]
[Opening "Sicilian: Alapin's variation (2.c3)"]
[ECO "B22"]
[Time "13:02:35"]
[TimeControl "2700+45"]

1. e4 c5 2. c3 Nc6 3. d4 cxd4 4. cxd4 Nf6 5. Nc3 e6 6. a3 d5 7. e5 Ng8 8. Nf3
Be7 9. Be2 f6 10. O-O Nh6 11. h3 O-O 12. g4 f5 13. Bxh6 gxh6 14. Qd2 Bg5 15.
Nxg5 Qxg5 16. Qxg5+ hxg5 17. gxf5 Rxf5 18. Rad1 Bd7 19. Bg4 Rff8 20. Kh2 Ne7 21.
Ne2 Nf5 22. Ng3 Ng7 23. Rc1 Rac8 24. Rc3 Rc6 25. Ne2 h5 26. Bxe6+ Rxe6 27. Rg3
Rg6 28. f4 g4 29. hxg4 Bxg4 30. Nc3 Rd8 31. Nb5 h4 32. Rc3 Bf5 33. Nxa7 Ne6 34.
Nb5 h3 35. Nd6 Rg2+ 36. Kh1 Nxd4 37. Nxf5 Nxf5 38. Rxh3 Rxb2 39. e6 Re8 40. Rg1+
Ng7 41. Rhg3 Re7 42. f5 Rf2 43. Rg5 Kf8 44. f6 Rxf6 45. Rxd5 Nxe6 46. Rh5 Ng7
47. Rh8+ Kf7 48. Rh7 Rg6 49. Rf1+ Kg8 50. Rh3 Ne6 51. Re1 Reg7 52. Rh4 Rh7 53.
Rh2 Rxh2+ 54. Kxh2 Rh6+ 55. Kg1 Kf7 56. Rd1 Ke7 57. Kf2 Nc5 58. Kg3 Rf6 59. Re1+
Kd6 60. Re3 Rf5 61. Re8 Nd7 62. Rd8 Ra5 63. Rg8 Rxa3+ 64. Kf4 b5 65. Rg6+ Kd5
66. Rg5+ Kc4 67. Ke4 Nc5+ 68. Ke5 Re3+ 69. Kf6 b4 70. Rg2 b3 71. Rb2 Kc3 72. Rb1
b2 73. Rg1 Nd3 74. Kf5 Re1 {White resigns} 0-1

[Event "Team 45 45 League T87"]
[Site "Internet Chess Club"]
[Date "2021.02.05"]
[Round "5"]
[White "howah45"]
[Black "oldbookseller"]
[Result "1-0"]
[WhiteElo "1146"]
[BlackElo "1002"]
[Opening "Ruy Lopez: Cozio defense"]
[ECO "C60"]
[Time "08:31:10"]
[TimeControl "2700+45"]

1. e4 e5 2. Nf3 Nc6 3. Bb5 Nge7 4. c3 g6 5. d3 Bg7 6. Nbd2 d6 7. Nf1 O-O 8. Ng3
Be6 9. Be3 d5 10. Qd2 f5 11. Bh6 Rf7 12. O-O Qf8 13. Bxg7 Qxg7 14. Ng5 Rf6 15.
Rac1 Qh6 16. Rfd1 f4 17. Nxe6 Rxe6 18. c4 dxe4 19. dxe4 Rf8 20. Qd7 Nd8 21. Qxc7
fxg3 22. Rc2 gxh2+ 23. Kh1 Ref6 24. Rxd8 Rxf2 25. Rxf8+ Kxf8 26. Rxf2+ Nf5 27.
exf5 Qg5 28. fxg6+ Kg8 29. Qf7+ {Black resigns} 1-0

[Event "Team 45 45 League T87"]
[Site "Internet Chess Club"]
[Date "2021.02.08"]
[Round "5"]
[White "OGO"]
[Black "smsxman"]
[Result "1-0"]
[WhiteElo "1220"]
[BlackElo "1330"]
[Opening "English: symmetrical variation"]
[ECO "A32"]
[Time "13:00:34"]
[TimeControl "2700+45"]

1. d4 e6 2. c4 c5 3. Nf3 cxd4 4. Nxd4 Nf6 5. e3 a6 6. Nc3 Bc5 7. Be2 O-O 8. O-O
Bxd4 9. Qxd4 Nc6 10. Qd2 d5 11. Rd1 dxc4 12. Qxd8 Nxd8 13. Bxc4 b5 14. Bb3 Bb7
15. Bc2 Nc6 16. b3 Rac8 17. Bb2 b4 18. Ne2 Nd5 19. Rac1 Nce7 20. Be4 a5 21. h3
Ba6 22. Nd4 Rxc1 23. Rxc1 Rc8 24. Rxc8+ Bxc8 25. Kf1 f5 26. Bd3 g6 27. Bc4 Kf7
28. Ke2 Bb7 29. Nb5 Kf8 30. Nd4 Kf7 31. Nb5 Kf8 32. Nd4 e5 33. Ne6+ Kf7 34. Nd8+
{Black resigns} 1-0

[Event "Team 45 45 League T87"]
[Site "Internet Chess Club"]
[Date "2021.02.06"]
[Round "5"]
[White "Tjet"]
[Black "jungleboy"]
[Result "1-0"]
[WhiteElo "1348"]
[BlackElo "1117"]
[Opening "English opening"]
[ECO "A10"]
[Time "15:01:39"]
[TimeControl "2700+45"]

1. c4 d6 2. Nc3 e6 3. g3 g6 4. Bg2 Bg7 5. e4 Nf6 6. d3 O-O 7. Nge2 e5 8. O-O a6
9. Rb1 Nc6 10. h3 Bd7 11. Kh2 Qc8 12. b4 Rb8 13. Nd5 Nxd5 14. cxd5 Nd4 15. Nxd4
exd4 16. Bf4 Qe8 17. Rb2 b6 18. Qc1 Rc8 19. Rc2 c5 20. Bxd6 f5 21. Bxf8 Qxf8 22.
f4 cxb4 23. Rxc8 Bxc8 24. e5 Bh6 25. d6 g5 26. fxg5 Be6 27. gxh6 Qd8 28. h4 Bxa2
29. Qg5+ Qxg5 30. hxg5 {Black resigns} 1-0

[Event "Team 45 45 League T87"]
[Site "Internet Chess Club"]
[Date "2021.02.05"]
[Round "5"]
[White "kingsrook"]
[Black "xingon"]
[Result "0-1"]
[WhiteElo "1144"]
[BlackElo "1414"]
[Opening "Nimzo-Indian: Reshevsky variation"]
[ECO "E46"]
[Time "13:03:01"]
[TimeControl "2700+45"]

1. d4 Nf6 2. c4 e6 3. Nc3 Bb4 4. e3 O-O 5. Ne2 c5 6. a3 Ba5 7. Bd2 d5 8. Qa4
Bxc3 9. Nxc3 cxd4 10. exd4 dxc4 11. Qxc4 Nc6 12. Be3 Ng4 13. Rd1 Nxe3 14. fxe3
Qb6 15. Qa2 Ne7 16. Bd3 Ng6 17. O-O Bd7 18. Qb1 f5 19. Kh1 Qc6 20. Kg1 Nh4 21.
Qc2 Rf6 22. Qf2 Rh6 23. Rd2 Rf8 24. g3 Rff6 25. Qf4 Rfg6 26. Qb8+ Kf7 27. Qf4
Rg4 28. Qf2 a6 29. Be2 Rg5 30. Bf3 Nxf3+ 31. Qxf3 Qxf3 32. Rxf3 Bc6 33. Rff2 b5
34. b4 Rhg6 35. d5 exd5 36. Nxd5 Bxd5 37. Rxd5 Ke6 38. Rdd2 h5 39. Kf1 Rg4 40.
Rg2 Ke5 41. Ke2 h4 42. Rg1 hxg3 43. hxg3 Rxg3 44. Rxg3 Rxg3 45. Kf2 Rh3 46. Kg2
Rxe3 47. Kf2 Rxa3 48. Re2+ Kf4 49. Re7 Ra2+ 50. Kf1 Kf3 51. Re1 g5 52. Kg1 g4
53. Rf1+ Kg3 54. Kh1 f4 55. Rg1+ Kh3 56. Rb1 g3 {White resigns} 0-1